 Dungeon Sprint DCSS version 0.28-a0-533-g9f97627e2a (webtiles) character file.

Game seed: 18094139134597912576

1082 Conn the Arsonist (level 8, -13/41 HPs)
             Began as a Deep Elf Fire Elementalist on Sept 25, 2021.
             Was an Initiate of Sif Muna.
             Mangled by a polar bear (17 damage)
             ... in the Dungeon (Sprint II: "The Violet Keep of Menkaure").
             The game lasted 00:08:51 (355 turns).

Conn the Arsonist (Deep Elf Fire Elementalist)       Turns: 355, Time: 00:08:56

Health: -13/41     AC:  2    Str:  5    XL:     8   Next: 8%
Magic:  20/24      EV: 15    Int: 23    God:    Sif Muna [......]
Gold:   486        SH:  0    Dex: 13    Spells: 14/27 levels left

rFire   . . .      SeeInvis .     - Unarmed
rCold   . . .      Faith    .   (no shield)
rNeg    . . .      Spirit   .   a - +0 robe
rPois   .          Reflect  .   (no helmet)
rElec   .          Harm     .   (no cloak)
rCorr   .          Rampage  .   (no gloves)
Will    .....      Rage     1%  (no boots) Stlth +++.......NoTele +
                                (no amulet)
HPRegen 0.13/turn               (no ring)
MPRegen 0.19/turn               (no ring)

@: no status effects
A: berserk 1, clumsy 1, deterioration 2
a: Renounce Religion


You were in the Dungeon.
You worshipped Sif Muna.
Sif Muna was noncommittal.
You visited 1 branch You collected 486 gold pieces.

Inventory:

Armour
 a - a +0 robe (worn)
Potions
 e - a potion of magic


   Skills:
 + Level 7.9 Dodging
 + Level 6.9 Stealth
 + Level 5.1 Unarmed Combat
 + Level 10.4 Spellcasting
 * Level 4.1 Conjurations
 + Level 0.2 Hexes
 + Level 12.9 Fire Magic
 * Level 2.6 Invocations


You had 14 spell levels left.
You knew the following spells:

 Your Spells              Type           Power      Damage    Failure   Level
a - Foxfire               Conj/Fire      100%       2x1d9     1%          1
b - Conjure Flame         Conj/Fire      50%        6-21      1%          3
c - Inner Flame           Hex/Fire       42%        N/A       1%          3
d - Flame Wave            Conj/Fire      50%        3d10      1%          4
e - Scorch                Fire           100%       2d10      1%          2

Your spell library contained the following spells:

 Spells                   Type           Power      Damage    Failure   Level


Dungeon Overview and Level Annotations

Branches:
Dungeon (1/1)

Altars:
Cheibriados
Dithmenos
Elyvilon
Fedhas
Gozag
Hepliaklqana
Kikubaaqudgha
Makhleb
Nemelex Xobeh
Okawaru
Qazlal
Ru
Sif Muna
Trog
Uskayaw
Vehumet
Wu Jian
Xom
Yredelemnul
Zin
The Shining One
Beogh
Jiyva
Lugonu


Innate Abilities, Weirdness & Mutations

You tend to lose your temper in combat.
You are clumsy. (Dex -2)
Your body often deteriorates upon taking damage.


Message History

Unknown command.
Casting: Inner Flame (safe; 1% risk of failure)
Confirm with . or Enter, or press ? or * to list all spells.
Okay, then.
Unknown command.
Unknown command.
Press: ? - help, v - describe, . - travel
Here: a yaktaur, quivering bolts An iron altar of Okawaru.
Casting: Inner Flame (safe; 1% risk of failure)
Confirm with . or Enter, or press ? or * to list all spells.
Aiming: Inner Flame (safe; 1% risk of failure)
Press: ? - help, Shift-Dir - straight line, f - yaktaur
Aim: a yaktaur, quivering bolts (chance to affect: 80%)
Okay, then.
Okay, then.
You aren't carrying any scrolls.
Unknown command.
The polar bear is engulfed in blazing flames.
The polar bear bites you! The polar bear closely misses you.
The polar bear barely misses you.
Casting: Inner Flame (safe; 1% risk of failure)
Confirm with . or Enter, or press ? or * to list all spells.
Casting: Flame Wave (dangerous; 1% risk of failure)
Press: ? - help, Dir - look around, f - activate A wave of flame ripples out!
The flame wave engulfs the polar bear!
The polar bear is heavily wounded. (Press . to intensify the flame waves.)
The polar bear is engulfed in blazing flames.
The polar bear bites you!
* * * LOW HITPOINT WARNING * * *
The polar bear misses you.
The polar bear claws you but does no damage.
A wave of flame ripples out!
The flame wave engulfs the polar bear!
The polar bear is severely wounded.
The flame wave engulfs the yaktaur!
The yaktaur is lightly wounded.
The polar bear is engulfed in blazing flames.
The polar bear bites you!
You die...

'†##'..### ..##.#▓[[$)!)(
##..#....###...##▓▓▓▓▓▓▓+
#.##......≈§≈≈≈y≈≈≈≈≈≈≈
###≈≈.....≈#'########+###
.#≈≈≈≈≈≈§§.≈#_._._...#≈§≈#
##≈≈≈≈≈≈≈§.≈#.○°§._._#§§≈≈
#≈≈≈≈≈≈≈§≈≈≈#_._._._.#≈≈≈≈
≈≈≈§§≈§§≈≈≈≈#.ch§._._#≈§§§
++#≈≈≈§≈§≈≈≈#.._@_._.#S§≈≈
##≈≈≈###≈≈#..._._._#S≈§≈
## #≈≈#...._._.#≈≈≈≈
#§≈#....._..#§≈≈§
≈≈≈≈##########≈≈≈≈
######≈≈≈≈≈≈≈≈≈≈§≈≈
...###≈########≈▓▓▓ ...##≈
▓▓ ..○.+≈


You could see a polar bear, a yaktaur, a hornet and 2 water moccasins.

Vanquished Creatures
  A polar bear (D)
  4 neqoxecs (D)
  A water moccasin (D)
  4 scorpions (D)
10 creatures vanquished.

Vanquished Creatures (others)
  26 foxfires (D)
26 creatures vanquished.

Grand Total: 36 creatures vanquished

Notes
Turn   | Place    | Note
-------+----------+-------------------------------------------
     0 | D        | Conn the Deep Elf Fire Elementalist began the quest for the
                  | Orb.
     0 | D        | Reached XP level 1. HP: 10/10 MP: 6/6
     1 | D        | Noticed a wyvern
     1 | D        | Noticed a wyvern
     4 | D        | Noticed a boulder beetle
     4 | D        | Noticed a boulder beetle
     7 | D        | Noticed a scorpion
     7 | D        | Noticed a scorpion
     7 | D        | Noticed a scorpion
     7 | D        | Noticed a scorpion
    10 | D        | Noticed a neqoxec
    10 | D        | Noticed a neqoxec
    10 | D        | Noticed a neqoxec
    10 | D        | Noticed a neqoxec
    16 | D        | Gained mutation: You tend to lose your temper in combat. [a
                  | neqoxec]
    20 | D        | Killed a neqoxec
    20 | D        | Gained mutation: You are clumsy. (Dex -2) [a neqoxec]
    21 | D        | Reached skill level 1 in Unarmed Combat
    21 | D        | Reached skill level 8 in Fire Magic
    21 | D        | Reached XP level 2. HP: 15/15 MP: 7/11
    21 | D        | Reached XP level 3. HP: 19/19 MP: 7/12
    21 | D        | Reached XP level 4. HP: 24/24 MP: 8/14
    22 | D        | Gained mutation: Your body sometimes deteriorates upon
                  | taking damage. [a neqoxec]
    23 | D        | Gained mutation: Your body often deteriorates upon taking
                  | damage. [a neqoxec]
    29 | D        | Killed a neqoxec
    30 | D        | Reached skill level 5 in Dodging
    30 | D        | Reached skill level 5 in Stealth
    30 | D        | Reached skill level 10 in Fire Magic
    30 | D        | Reached XP level 5. HP: 28/28 MP: 9/17
    30 | D        | Reached XP level 6. HP: 32/32 MP: 9/18
    35 | D        | Killed a neqoxec
    36 | D        | Reached skill level 11 in Fire Magic
    50 | D        | Killed a neqoxec
    51 | D        | Reached XP level 7. HP: 6/36 MP: 0/21
    67 | D        | Learned a level 3 spell: Conjure Flame
    71 | D        | Learned a level 3 spell: Inner Flame
    76 | D        | Learned a level 4 spell: Flame Wave
    79 | D        | Learned a level 2 spell: Scorch
   301 | D        | Reached skill level 12 in Fire Magic
   320 | D        | Found an iron altar of Okawaru.
   320 | D        | Found an opulent altar of Gozag.
   321 | D        | Found a sparkling altar of Nemelex Xobeh.
   321 | D        | Found a blossoming altar of Fedhas.
   322 | D        | Found a radiant altar of Vehumet.
   322 | D        | Found a burning altar of Makhleb.
   322 | D        | Found a white marble altar of Elyvilon.
   324 | D        | Found a hide-covered altar of Uskayaw.
   324 | D        | Found a corrupted altar of Lugonu.
   324 | D        | Found a shadowy altar of Dithmenos.
   325 | D        | Found a glowing silver altar of Zin.
   325 | D        | Found a bloodstained altar of Trog.
   325 | D        | Found an ancient bone altar of Kikubaaqudgha.
   325 | D        | Found a snail-covered altar of Cheibriados.
   326 | D        | Found a basalt altar of Yredelemnul.
   326 | D        | Found a shimmering blue altar of Sif Muna.
   326 | D        | Found a viscous altar of Jiyva.
   327 | D        | Found a shimmering altar of Xom.
   327 | D        | Found a sacrificial altar of Ru.
   329 | D        | Found a glowing golden altar of the Shining One.
   329 | D        | Found an ornate altar of the Wu Jian Council.
   329 | D        | Found a stormy altar of Qazlal.
   329 | D        | Found a hazy altar of Hepliaklqana.
   335 | D        | Became a worshipper of Sif Muna the Loreminder
   343 | D        | Reached skill level 10 in Spellcasting
   343 | D        | Reached skill level 1 in Invocations
   343 | D        | Noticed a polar bear
   344 | D        | Noticed a polar bear
   346 | D        | Noticed a hornet
   347 | D        | Noticed a yaktaur
   351 | D        | Killed a polar bear
   352 | D        | Reached skill level 5 in Unarmed Combat
   352 | D        | Reached XP level 8. HP: 25/41 MP: 12/24
   355 | D        | Mangled by a polar bear

Illustrated notes

Levels and vault maps discovered:
D:        the_violet_keep_of_menkaure [sprint2_stairs_cluster_1,
          sprint2_shoproom, sprint2_temple, sprint2_basic_supplies,
          sprint2_obstacle_2, sprint2_obstacle_3, sprint2_obstacle_1,
          sprint2_obstacle_7, sprint2_obstacle_5, sprint2_timed_cluster_1,
          sprint2_smallroom_cluster_1, sprint2_smallroom_final_cluster_1,
          sprint2_transparent_cluster_1, sprint2_second_timed_cluster_1,
          sprint2_sniper_area_1, sprint2_heavy_combat_area_1,
          sprint2_mutation_trap_area_1, sprint2_forest_area_1,
          sprint2_light_combat_area_1, sprint2_behind_water_1,
          sprint2_near_end_vault_1]

Skill      XL: |  1  2  3  4  5  6  7 |
---------------+----------------------+-----
Dodging        | 4 5 6 7 |  7.9
Stealth        | 4 5 6 |  6.9
Unarmed Combat | 1 2 4 5 |  5.1
Spellcasting   | 6 7 9 10 | 10.4
Fire Magic     | 8 10 11 12 | 12.9
Conjurations   | 2 4 |  4.1
Invocations    | 2 |  2.6
Hexes          | |  0.2

Action                   |  1- 3 |  4- 6 |  7- 9 || total
-------------------------+-------+-------+-------++-------
Melee: Unarmed           |     8 |    13 |       ||    21
 Cast: Foxfire           |       |    12 |     5 ||    17
       Inner Flame       |       |       |     2 ||     2
       Flame Wave        |       |       |     2 ||     2
       Scorch            |       |       |     1 ||     1
  Use: Potion            |     2 |     2 |     1 ||     5
       Scroll            |       |     1 |       ||     1
Armor: Robe              |     1 |       |     1 ||     2
Dodge: Dodged            |     4 |     3 |     3 ||    10

Table legend: (Time is in decaauts)
 A = Elapsed time spent in this place.
 B = Non-inter-level travel time spent in this place.
 C = Inter-level travel time spent in this place.
 D = Time resting spent in this place.
 E = Time spent auto-exploring this place.
 F = Levels seen in this place.
 G = Mean time per level.
                   A        B        C        D        E       F      G
               +--------+--------+--------+--------+--------+-----+--------+
         Total |    348 |    348 |      0 |    213 |      0 |   1 |  348.0 |
       Dungeon |    348 |    348 |      0 |    213 |      0 |   1 |  348.0 |
               +--------+--------+--------+--------+--------+-----+--------+

Top non-repeatable levels by time:
       D: 348 daAuts
